 Dungeon Crawl Stone Soup version 0.17-a0-1421-g95311d7 (webtiles) character file.

18011 bal the Protected (level 12, -1/136 HPs)
             Began as a Demonspawn Gladiator on June 24, 2015.
             Was a High Priest of Nemelex Xobeh.
             Slain by a skeletal warrior
             ... wielding a +0 war axe
              (7 damage)
             ... on level 13 of the Dungeon.
             The game lasted 00:49:33 (9222 turns).

bal the Protected (Demonspawn Gladiator)            Turns: 9222, Time: 00:49:34

Health: -1/136     AC: 15    Str: 27    XL:     12   Next: 23%
Magic:  21/21      EV: 17    Int: 11    God:    Nemelex Xobeh [*****.]
Gold:   638        SH:  0    Dex: 15    Spells: 1 memorised, 21 levels left

rFire  . . .     SeeInvis .     q - +5 scimitar (flame)
rCold  . . .     Clarity  .     i - +0 scale mail
rNeg   . . .     SustAt   .     (no shield)
rPois  .         Gourm    .     B - +2 hat
rElec  .         Spirit   .     A - +0 cloak
rCorr  .         Warding  .     y - +0 pair of gloves
rMut   .         Stasis   .     v - +1 pair of boots
MR     +....                    H - amulet of rage
Stlth  ..........               h - ring of protection from magic
                                u - +4 ring of strength

@: berserking, very quick, somewhat resistant to hostile enchantments, extremely
unstealthy
A: antennae 2, repulsion field 1, powered by death 1, spiny 2
a: Triple Draw, Deal Four, Stack Five, Renounce Religion, Evoke Berserk Rage


You were on level 13 of the Dungeon.
You worshipped Nemelex Xobeh.
Nemelex Xobeh was extremely pleased with you.
You were full.

You visited 1 branch of the dungeon, and saw 13 of its levels.

You collected 690 gold pieces.
You spent 52 gold pieces at shops.

Inventory:

Hand weapons
 a - the +1 spear of Sin {freeze, MP+9}
   (You found it on level 5 of the Dungeon)

   It has been specially enchanted to freeze those struck by it, causing extra
   injury to most foes and up to half again as much damage against particularly
   susceptible opponents.
   It can also slow down cold-blooded creatures.
   It affects your magic capacity (+9).
 o - a +0 hunting sling
 q - a +5 scimitar of flaming (weapon)
 r - the +8 bow of Krishna "Sharnga" {speed, Dex+3 SInv}
   (You found it on level 12 of the Dungeon)

   Attacks with this weapon are significantly faster.
   It affects your dexterity (+3).
   It lets you see invisible.
 S - a +0 battleaxe of venom
Missiles
 d - 3 throwing nets (quivered)
Armour
 i - a +0 scale mail (worn)
 v - a +1 pair of boots (worn)
 y - a +0 pair of gloves (worn)
 A - a +0 cloak (worn)
 B - a +2 hat (worn)
 D - a +2 robe of fire resistance
 J - the +0 leather armour of the Mind {rElec}
   (You found it on level 6 of the Dungeon)

   It insulates you from electricity.
Jewellery
 h - a ring of protection from magic (right hand)
 t - an uncursed ring of protection from cold
 u - a +4 ring of strength (left hand)
 F - an uncursed amulet of guardian spirit
 G - an uncursed ring of sustain attributes
 H - an amulet of rage (around neck)
 I - an uncursed ring of magical power
 K - an uncursed amulet of clarity
 O - a cursed ring of teleportation {unknown}
 P - an uncursed ring of protection from magic
 Z - an uncursed ring of protection from cold
Magical devices
 s - a wand of paralysis (9)
 C - a wand of paralysis (17)
 L - a wand of fireball (0)
 N - a wand of flame (19)
 T - a wand of confusion (12)
 Y - a wand of lightning (5)
Scrolls
 f - a scroll of amnesia
 g - 3 scrolls of teleportation
 l - a scroll of recharging
 n - 2 scrolls of fog
 Q - 2 scrolls of remove curse
 R - a scroll of fear
 X - a scroll of immolation
Potions
 j - 2 potions of curing
 m - a potion of flight
 w - 2 potions of heal wounds
 M - a potion of cancellation
 V - a potion of brilliance
Books
 e - a book of Transfigurations

   Spells                             Type                      Level
   a - Stoneskin                      Transmutation/Earth          2
   b - Irradiate                      Conjuration/Transmutation    5
   c - Statue Form                    Transmutation/Earth          6
   d - Hydra Form                     Transmutation                6
   e - Dragon Form                    Transmutation                7
Comestibles
 b - 4 meat rations
 k - 3 fruits
 p - 2 slices of pizza
 x - a bread ration


   Skills:
 + Level 7.1 Fighting
 + Level 5.4 Long Blades
 + Level 5.7(5.9) Axes
 + Level 2.0(4.2) Polearms
 + Level 2.2 Throwing
 + Level 8.9 Armour
 + Level 8.0 Dodging
 + Level 2.6 Stealth
 * Level 6.4 Spellcasting
 + Level 1.2 Transmutations
 + Level 0.6 Earth Magic
 * Level 8.2 Evocations


You had 21 spell levels left.
You knew the following spells:

 Your Spells              Type           Power        Failure   Level  Hunger
a - Stoneskin             Trmt/Erth      #.......     38%         2    ##.....


Dungeon Overview and Level Annotations

Branches:
Dungeon (13/15)            Temple (0/1) D:7            Lair (0/8) D:8
 Vaults (0/5) D:13
    Orc: D:9-12

Altars:
Ashenzari
Cheibriados
Dithmenos
Elyvilon
Nemelex Xobeh
Ru
Vehumet
Yredelemnul

Shops:
D:5 [   D:6 !**?   D:10 ?%%?*

Annotations:
D:5 Prince Ribbit


Innate Abilities, Weirdness & Mutations

You have a pair of antennae on your head.
You are surrounded by a mild repulsion field (EV +2).
You regenerate a little health from kills.
You are mostly covered in sharp spines.


Message History

The skeletal warrior hits you from afar with a halberd!!
* * * LOW HITPOINT WARNING * * *
You hit the skeletal warrior but do no damage.
The skeletal warrior is severely damaged.
You hit the skeletal warrior. You burn the skeletal warrior.
The skeletal warrior is almost destroyed.
You feel less regenerative. The skeletal warrior barely misses you.
The skeletal warrior misses you.
Your scale mail prevents you from hitting the skeletal warrior.
The skeletal warrior is almost destroyed.
You closely miss the skeletal warrior.
The skeletal warrior is almost destroyed.
The skeletal warrior hits you but does no damage.
The skeletal warrior misses you.
You completely miss the skeletal warrior.
The skeletal warrior is severely damaged.
The skeletal warrior is struck by your spines.
The skeletal warrior hits you with a war axe!
You die...
Your body disappears without a glow.

#################################
................@zz....).........
.##..##....##...........###...#..
.##..##....##...........###...#..
........................)...)....
######'########....#########....#
#........#..#.#..##...#.##.#
#........#..#.#..##...#.##.#
#...######....#..##...#....#
#...#....######..##...######


You could see 2 skeletal warriors.

Vanquished Creatures
  Maud (D:11)
  5 vault guards (D:13)
  A skeletal warrior (D:13)
  An unseen horror (D:10)
  A hill giant (D:13)
  An ugly thing (D:13)
  A mana viper (D:13)
  A griffon (D:13)
  Maurice (D:9)
  A gargoyle (D:13)
  A wolf spider simulacrum (D:13)
  5 slime creatures (D:12)
  The ghost of bal the Ducker, an average DsGl of Fedhas (D:4)
  A troll (D:10)
  A spriggan (shapeshifter) (D:13)
  5 wraiths
  9 yaks
  A hippogriff (D:12)
  2 soldier ants (D:13)
  A hungry ghost (D:12)
  A water moccasin (D:11)
  2 ogres
  2 ice beasts
  3 black bears
  3 sky beasts
  8 centaurs
  2 big kobolds
  Blork the orc (D:5)
  2 giant frogs
  A scorpion (D:7)
  A wyvern skeleton (D:13)
  12 killer bees
  5 wights
  A centaur zombie (D:7)
  2 giant frog zombies
  An orc wizard (D:4)
  2 orc priests
  7 crimson imps
  A quasit (D:9)
  2 centaur skeletons
  2 hounds (D:6)
  A giant frog skeleton (D:5)
  4 iguanas
  A hell rat (D:8)
  7 worker ants
  A hound zombie (D:7)
  2 hound skeletons
  A mummy (D:8)
  8 adders
  2 shadow imps
  2 adder skeletons
  3 worms (D:2)
  3 giant geckos
  12 orcs
  A bat zombie (D:6)
  5 giant cockroaches
  10 goblins
  9 hobgoblins
  15 jackals
  4 quokkas
  2 ball pythons
  23 bats
  7 giant newts
  A jackal skeleton (D:6)
  26 kobolds
  A quokka skeleton (D:5)
  15 rats
268 creatures vanquished.

Vanquished Creatures (collateral kills)
  Erica (D:9)
  A hill giant (D:13)
  A cyclops (D:10)
  A centaur zombie (D:13)
  A gargoyle (D:10)
  A blink frog (D:8)
  A vampire (D:13)
  A hippogriff (D:8)
  A sky beast (D:4)
  An orc warrior (D:9)
  3 giant frogs (D:8)
  A killer bee (D:10)
  4 wights (D:9)
  A crimson imp (D:8)
  2 hounds
  An orc priest (D:9)
  An iguana (D:4)
  A giant frog skeleton (D:4)
  An orc wizard (D:9)
  A hell rat (D:8)
  A goblin (D:4)
  A hobgoblin (D:4)
  2 jackals (D:10)
  A quokka (D:9)
  A giant gecko (D:8)
  A giant newt (D:4)
  4 kobolds (D:10)
  2 rats
39 creatures vanquished.

Vanquished Creatures (others)
  An iguana (D:11)
  An adder (D:11)
2 creatures vanquished.

Grand Total: 309 creatures vanquished

Notes
Turn   | Place    | Note
--------------------------------------------------------------
     0 | D:1      | bal the Demonspawn Gladiator began the quest for the Orb.
     0 | D:1      | Reached XP level 1. HP: 16/16 MP: 1/1
   197 | D:1      | Gained mutation: You are surrounded by a mild repulsion field (EV +2). [demonic ancestry]
   197 | D:1      | Reached XP level 2. HP: 16/22 MP: 2/2
   361 | D:1      | Reached skill level 3 in Dodging
   637 | D:2      | Gained mutation: You have a pair of small antennae on your head. [demonic ancestry]
   637 | D:2      | Reached XP level 3. HP: 27/27 MP: 3/3
  1331 | D:3      | Gained mutation: You are partially covered in sharp spines. [demonic ancestry]
  1331 | D:3      | Reached XP level 4. HP: 33/33 MP: 4/4
  1382 | D:3      | Found a sparkling altar of Nemelex Xobeh.
  1388 | D:3      | Became a worshipper of Nemelex Xobeh the Trickster
  1398 | D:3      | Received a gift from Nemelex Xobeh
  2119 | D:4      | Reached skill level 1 in Armour
  2119 | D:4      | Reached XP level 5. HP: 31/41 MP: 5/5
  2140 | D:4      | Noticed a sky beast
  2145 | D:4      | Noticed bal's ghost (average DsGl)
  2152 | D:4      | Killed bal's ghost
  2152 | D:4      | Reached skill level 4 in Dodging
  2152 | D:4      | Reached XP level 6. HP: 36/47 MP: 6/6
  2155 | D:4      | Killed a sky beast
  2246 | D:4      | Found a shattered altar of Ashenzari.
  2559 | D:5      | Entered Level 5 of the Dungeon
  2567 | D:5      | Gained mutation: You regenerate a little health from kills. [demonic ancestry]
  2567 | D:5      | Reached XP level 7. HP: 27/53 MP: 7/7
  2749 | D:5      | Noticed Prince Ribbit
  2842 | D:5      | Found Cionuvan's Antique Armour Shoppe.
  3000 | D:5      | Noticed Blork the orc
  3008 | D:5      | Killed Blork the orc
  3008 | D:5      | Reached skill level 1 in Evocations
  3021 | D:5      | Got a slimy spear
  3242 | D:6      | Found a shadowy altar of Dithmenos.
  3278 | D:6      | Got a shimmering leather armour
  3286 | D:6      | Received a gift from Nemelex Xobeh
  3290 | D:6      | Reached skill level 5 in Axes
  3311 | D:6      | Found Ypumip's General Store.
  3315 | D:6      | Found Helepho's Magic Scroll Shoppe.
  3436 | D:6      | Reached skill level 5 in Dodging
  3438 | D:6      | Found a basalt altar of Yredelemnul.
  3511 | D:6      | Found Ebrid's Assorted Antiques.
  3561 | D:6      | Reached skill level 1 in Stealth
  3561 | D:6      | Reached XP level 8. HP: 47/60 MP: 8/8
  3672 | D:6      | Found Zacutzed's Distillery.
  3709 | D:6      | Received a gift from Nemelex Xobeh
  4063 | D:6      | Acquired Nemelex Xobeh's first power
  4424 | D:6      | Identified the cursed +1 spear of Sin {freeze, MP+9} (You found it on level 5 of the Dungeon)
  4431 | D:6      | Learned a level 2 spell: Stoneskin
  4529 | D:7      | Identified the +0 leather armour of the Mind {rElec} (You found it on level 6 of the Dungeon)
  4634 | D:7      | Found a staircase to the Ecumenical Temple.
  4683 | D:7      | Found a radiant altar of Vehumet.
  5146 | D:8      | Found a sacrificial altar of Ru.
  5206 | D:8      | Noticed a blink frog
  5219 | D:8      | Reached skill level 1 in Spellcasting
  5239 | D:8      | Killed a blink frog
  5239 | D:8      | Reached skill level 5 in Fighting
  5239 | D:8      | Reached skill level 1 in Polearms
  5256 | D:8      | Found a staircase to the Lair.
  5343 | D:8      | Acquired Nemelex Xobeh's second power
  5343 | D:8      | Received a gift from Nemelex Xobeh
  5372 | D:8      | Found a snail-covered altar of Cheibriados.
  5717 | D:8      | Found a white marble altar of Elyvilon.
  5717 | D:8      | Found a sparkling altar of Nemelex Xobeh.
  5774 | D:9      | Noticed Erica
  5787 | D:9      | Killed Erica
  5787 | D:9      | Reached skill level 5 in Armour
  5787 | D:9      | Reached XP level 9. HP: 31/68 MP: 11/11
  5860 | D:9      | Reached skill level 6 in Dodging
  5956 | D:9      | Received a gift from Nemelex Xobeh
  6254 | D:9      | Received a gift from Nemelex Xobeh
  6268 | D:9      | Noticed Maurice
  6319 | D:9      | Killed Maurice
  6408 | D:10     | Entered Level 10 of the Dungeon
  6409 | D:10     | Noticed Urug
  6417 | D:10     | Noticed Urug
  6417 | D:10     | Urug changed into Urug the cyclops
  6418 | D:10     | Killed Urug the cyclops
  6441 | D:10     | Gained mutation: You have a pair of antennae on your head. [demonic ancestry]
  6441 | D:10     | Reached XP level 10. HP: 74/74 MP: 15/15
  6460 | D:10     | Noticed a gargoyle
  6472 | D:10     | Killed a gargoyle
  6472 | D:10     | Reached skill level 1 in Long Blades
  6478 | D:10     | Killed an unseen horror
  6478 | D:10     | Reached skill level 7 in Dodging
  6521 | D:10     | Found Ynwem's Food Shoppe.
  6526 | D:10     | Found Piomud's Food Shop.
  6588 | D:10     | Found Jowausk's General Store.
  6600 | D:10     | Bought a scroll of identify for 26 gold pieces
  6600 | D:10     | Bought a scroll of identify for 26 gold pieces
  6700 | D:10     | Reached skill level 5 in Evocations
  6829 | D:10     | Found Uzyshro's Magic Scroll Shop.
  7111 | D:10     | Found Ydevae's Magic Scroll Shoppe.
  7320 | D:11     | Noticed Maud
  7358 | D:11     | Killed Maud
  7406 | D:11     | Noticed Josephine
  7408 | D:11     | Noticed Josephine
  7408 | D:11     | Josephine changed into Josephine the eye of devastation
  7409 | D:11     | Josephine the eye of devastation changed into Josephine the black bear
  7466 | D:11     | You fall through a shaft!
  7579 | D:12     | Gained mutation: You are mostly covered in sharp spines. [demonic ancestry]
  7579 | D:12     | Reached XP level 11. HP: 66/81 MP: 4/18
  7749 | D:12     | Received a gift from Nemelex Xobeh
  7882 | D:12     | Acquired Nemelex Xobeh's third power
  8081 | D:12     | Received a gift from Nemelex Xobeh
  8091 | D:12     | Reached skill level 1 in Transmutations
  8336 | D:13     | Reached skill level 5 in Spellcasting
  8400 | D:13     | Noticed a hill giant
  8421 | D:13     | Killed a hill giant
  8421 | D:13     | Reached skill level 8 in Armour
  8441 | D:13     | Received a gift from Nemelex Xobeh
  8665 | D:13     | Noticed a vault guard
  8665 | D:13     | Noticed a vault guard
  8666 | D:13     | Noticed a vault guard
  8666 | D:13     | Found a gate to the Vaults.
  8666 | D:13     | Noticed a vault guard
  8666 | D:13     | Noticed a vault guard
  8667 | D:13     | Noticed a vault guard
  8679 | D:13     | Noticed a vault guard
  8680 | D:13     | Noticed a vault guard
  8686 | D:13     | Killed a vault guard
  8687 | D:13     | Killed a vault guard
  8696 | D:13     | a vault guard changed into a griffon
  8699 | D:13     | Reached skill level 5 in Long Blades
  8715 | D:13     | Killed a vault guard
  8749 | D:13     | Killed a vault guard
  8749 | D:13     | Reached XP level 12. HP: 67/89 MP: 15/21
  8772 | D:13     | Killed a vault guard
  9151 | D:13     | Noticed a hill giant
  9172 | D:13     | Killed a hill giant
  9217 | D:13     | HP: 4/136 [skeletal warrior/halberd (19)]
  9222 | D:13     | Slain by a skeletal warrior

Vault maps used:
D:1:      roderic_crossed_star
D:2:      st_stairs_14
D:3:      minmay_misc_feat_more_columns, nemelex_xobeh_ov_fountains_minmay
D:4:      nicolae_ashenzari_panopticon
D:5:      serial_shops, shop, first_bread, uniq_blork_the_orc,
          uniq_prince_ribbit1
D:6:      old_standard_altar, serial_shops, nicolae_shop_behind_doors, shop,
          kennysheep_mini_moat, shop_scrolls, nicolae_dithmenos_the_darkroom
D:7:      vehumet_altar_wand_db, temple_pool_b
D:8:      nicolae_ru_path_of_blood, gammafunk_temple_overflow_wave,
          dpeg_lair_monsters, chei_slow_surprise
D:9:      uniq_erica, uniq_maurice
D:10:     serial_shops, nicolae_shop_crystal, shop, kennysheep_little_box,
          nicolae_shop_stone, kennysheep_mini, uniq_urug
D:11:     david_orc_1_choice, basic_altar, uniq_josephine, uniq_maud,
          uniq_nergalle
D:13:     erik_vaults_2

Action                   |  1- 3 |  4- 6 |  7- 9 | 10-12 || total
-------------------------+-------+-------+-------+-------++-------
Melee: War axe           |   191 |    31 |    83 |       ||   305
       Spear             |       |       |    89 |       ||    89
       Scimitar          |       |       |    57 |   249 ||   306
 Cast: Stoneskin         |       |       |       |     3 ||     3
 Abil: Evoke Berserk Rag |       |       |       |     1 ||     1
Evoke: Deck              |       |     3 |    21 |    57 ||    81
       Wand              |       |       |       |    17 ||    17
  Use: Potion            |     6 |     2 |     1 |     7 ||    16
       Scroll            |       |     9 |     9 |    16 ||    34
 Stab: Sleeping          |     1 |       |       |       ||     1
       Fleeing           |       |       |     1 |       ||     1
       Confused          |       |       |       |     3 ||     3
       Distracted        |       |       |       |     1 ||     1
  Eat: Chunk             |     1 |     1 |     1 |     2 ||     5
       Bread ration      |       |     1 |     1 |     3 ||     5
       Fruit             |       |       |     3 |       ||     3
       Beef jerky        |       |       |     2 |     1 ||     3
       Pizza             |       |       |     1 |       ||     1
